 Dungeon Crawl Stone Soup version 0.29-a0-337-g68df138881 (webtiles) character file.

Game seed: 8925503237748549959

140 Aksej the Cudgeller (level 5, -2/40 (41) HPs)
             Began as a Demonspawn Gladiator on Apr 17, 2022.
             Slain by Crazy Yiuf
             ... wielding a +4 quarterstaff of chaos
              (3 damage)
             ... on level 2 of the Dungeon.
             The game lasted 00:04:10 (2269 turns).

Aksej the Cudgeller (Demonspawn Gladiator)          Turns: 2269, Time: 00:04:11

HP:   -2/40 (41)    AC:  6    Str: 14    XL:     5   Next: 2%
MP:   5/5           EV: 13    Int:  9    God:
Gold: 140           SH:  0    Dex: 17    Spells: 4/4 levels left

rFire   . . .      SeeInvis .   a - +0 flail
rCold   . . .      Faith    .   (no shield)
rNeg    . . .      Spirit   .   b - +0 leather armour
rPois   .          Reflect  .   c - +0 helmet
rElec   .          Harm     .   (no cloak)
rCorr   .          Rampage  .   (no gloves)
Will    .....                   (no boots)
Stlth   +.........              (no amulet)
HPRegen 0.13/turn               (no ring)
MPRegen 0.09/turn               (no ring)

@: lightly drained
A: claws 1, molten scales 1
a: no special abilities


You were on level 2 of the Dungeon.
You visited 1 branch of the dungeon, and saw 2 of its levels.

You collected 140 gold pieces.

Inventory:

Hand Weapons
 a - a +0 flail (weapon)
Missiles
 j - a javelin (quivered)
Armour
 b - a +0 leather armour (worn)
 c - a +0 helmet (worn)
Scrolls
 g - a scroll of vulnerability {unknown}
 h - a scroll of amnesia {unknown}
 l - a scroll of noise {unknown}
 o - a scroll of teleportation {unknown}
Potions
 d - a potion of mutation {unknown}
 e - 2 potions of brilliance
 f - a potion of invisibility {unknown}
 k - 2 potions of flight
 m - a potion of degeneration {unknown}
 n - a potion of heal wounds {unknown}


   Skills:
 * Level 3.1 Fighting
 + Level 3.7 Maces & Flails
 + Level 2.0 Throwing
 + Level 1.3 Armour
 + Level 3.3 Dodging
 + Level 0.1 Stealth


You had 4 spell levels left.
You didn't know any spells.
Your spell library was empty.

Dungeon Overview and Level Annotations

Branches:
Dungeon (2/15)

Altars:

Annotations:
D:2 Crazy Yiuf


Innate Abilities, Weirdness & Mutations

You have sharp fingernails.
You are partially covered in molten scales. (AC +2)


Message History

A nearby fungus withers and dies.
You hit the fungus.
The fungus begins to die.
The fungus is lightly damaged.
You hit the fungus.
The fungus begins to die.
The fungus is lightly damaged.
A nearby fungus withers and dies.
Found a mace.
Found a runed translucent door.
Crazy Yiuf shouts!
Crazy Yiuf yells, "Lay arga song!"
You open the door. You barely miss Crazy Yiuf. Crazy Yiuf closely misses you.
You sock Crazy Yiuf!
Crazy Yiuf is severely wounded.
Crazy Yiuf closely misses you.
You closely miss Crazy Yiuf.
Crazy Yiuf is severely wounded.
Crazy Yiuf hits you with a +4 quarterstaff of chaos.
You feel drained.
Crazy Yiuf hits you with a +4 quarterstaff of chaos!
Crazy Yiuf burns you.
You barely miss Crazy Yiuf.
Crazy Yiuf is severely wounded.
Crazy Yiuf hits you with a +4 quarterstaff of chaos!
You are lethally poisoned!
You hit Crazy Yiuf.
Crazy Yiuf is severely wounded.
* * * LOW HITPOINT WARNING * * *
You feel very sick. Crazy Yiuf misses you.
You barely miss Crazy Yiuf.
Crazy Yiuf is severely wounded.
* * * LOW HITPOINT WARNING * * *
You feel very sick.
Crazy Yiuf says, "Tosser sow koolooloo!"
Crazy Yiuf completely misses you.
You feel better.
Crazy Yiuf hits you with a +4 quarterstaff of chaos!
* * * LOW HITPOINT WARNING * * *
Crazy Yiuf freezes you.
You die...

#.##.##.........##.######..
#.##.#############.....<...
#.##†# #..##..####. #.##.#
##### #..#..## ##. #.##.#
#)..# #.....####.. #.##.#
#...# #..........# #.##.#
... #).##.###### #.##.# #g#
#...#..# # #.##.# ♣@♣♣
###.##.# #.##.# ♣♣.♣ #..#.#
#.##.# ♣.♣♣ ##...## #.##.#
♣♣.♣ ###..## #.##.# ♣♣.♣♣
#...# #.##.# ♣♣...♣
###..### #.##.# ♣...P♣
#....... #.##.# ##..##
#.....<. #.##.####....#
#.......


You could see Crazy Yiuf.

Vanquished Creatures
  Natasha (thrice) (D:2)
  3 adders (D:2)
  A worm (D:2)
  2 dart slugs (D:2)
  4 ball pythons
  3 endoplasms
  A giant cockroach (D:1)
  3 goblins
  3 hobgoblins (D:2)
  4 kobolds (D:1)
  4 bats (D:1)
  2 frilled lizards (D:2)
  2 rats (D:1)
35 creatures vanquished.

Vanquished Creatures (others)
  5 fungi (D:2)
  A plant (D:2)
6 creatures vanquished.

Grand Total: 41 creatures vanquished

Notes
Turn   | Place    | Note
-------+----------+-------------------------------------------
     0 | D:1      | Aksej the Demonspawn Gladiator began the quest for the Orb.
     0 | D:1      | Reached XP level 1. HP: 16/16 MP: 1/1
   234 | D:1      | Gained mutation: You are partially covered in molten
                  | scales. (AC +2) [demonic ancestry]
   234 | D:1      | Reached XP level 2. HP: 22/22 MP: 2/2
  1056 | D:2      | Noticed Natasha
  1069 | D:2      | Noticed a crimson imp
  1073 | D:2      | Killed Natasha
  1074 | D:2      | Reached XP level 3. HP: 7/28 MP: 3/3
  1109 | D:2      | Noticed Natasha
  1117 | D:2      | HP: 1/28 [Natasha (5)]
  1122 | D:2      | Killed Natasha
  1123 | D:2      | Reached skill level 1 in Armour
  1123 | D:2      | Reached XP level 4. HP: 2/34 MP: 4/4
  1306 | D:2      | Noticed Natasha
  1311 | D:2      | Killed Natasha
  1656 | D:2      | Gained mutation: You have sharp fingernails. [demonic
                  | ancestry]
  1656 | D:2      | Reached XP level 5. HP: 41/41 MP: 5/5
  2258 | D:2      | Found a runed translucent door.
  2259 | D:2      | Noticed Crazy Yiuf
  2269 | D:2      | HP: 1/40 [Crazy Yiuf/+4 quarterstaff of chaos (12)]
  2269 | D:2      | Slain by Crazy Yiuf

Illustrated notes

Levels and vault maps discovered:
D:1:      minmay_arrival_checkered_box, layout_rooms
D:2:      layout_rooms, minmay_crystal_water, serial_bayou_ford_a, st_stairs_6,
          uniq_crazy_yiuf_cottage, uniq_natasha

Skill      XL: |  1  2  3  4 |
---------------+-------------+-----
Maces & Flails | 3 |  3.7
Dodging        | 3 |  3.3
Armour         | 1 |  1.3
Fighting       | 3 |  3.1
Throwing       | 2 |  2.0
Stealth        | |  0.1

Action                   |  1- 3 |  4- 6 || total
-------------------------+-------+-------++-------
Melee: Flail             |    77 |    66 ||   143
Throw: Throwing net      |     6 |     2 ||     8
       Javelin           |     2 |     1 ||     3
  Use: Scroll            |     3 |       ||     3
       Potion            |       |     1 ||     1
 Stab: Held in net/web   |       |     3 ||     3
Armor: Leather armour    |    43 |    20 ||    63
Dodge: Dodged            |    77 |    37 ||   114

Table legend: (Time is in decaauts)
 A = Elapsed time spent in this place.
 B = Non-inter-level travel time spent in this place.
 C = Inter-level travel time spent in this place.
 D = Time resting spent in this place.
 E = Time spent auto-exploring this place.
 F = Levels seen in this place.
 G = Mean time per level.
                   A        B        C        D        E       F      G
               +--------+--------+--------+--------+--------+-----+--------+
         Total |   2321 |   2297 |     24 |      0 |   1944 |   2 | 1160.5 |
       Dungeon |   2321 |   2297 |     24 |      0 |   1944 |   2 | 1160.5 |
               +--------+--------+--------+--------+--------+-----+--------+

Top non-repeatable levels by time:
     D:2: 1295 daAuts
     D:1: 1026 daAuts
